 Dungeon Crawl Stone Soup version 0.19.0-20-gbc5f0c6 (webtiles) character file.

261 Monkfish the Cutter (level 6, -2/39 HPs)
             Began as a Kobold Berserker on Nov 17, 2016.
             Was a Priest of Trog.
             Slain by a gnoll
             ... wielding a +0 spear
              (4 damage)
             ... while paralysed by Grinder
             ... on level 3 of the Dungeon.
             The game lasted 00:05:15 (3108 turns).

Monkfish the Cutter (Kobold Berserker)              Turns: 3108, Time: 00:05:15

Health: -2/39      AC:  0    Str: 16 (17) XL:     6   Next: 41%
Magic:  6/6        EV:  3    Int:  8      God:    Trog [***...]
Gold:   63         SH:  0    Dex: 13 (14) Spells: 0 memorised, 5 levels left

rFire  . . .     SeeInvis .     f - +2 dagger (speed)
rCold  . . .     Gourm    .     m - -2 robe (curse)
rNeg   . . .     Faith    .     h - +0 buckler (curse)
rPois  .         Spirit   .     (no helmet)
rElec  .         Reflect  .     (no cloak)
rCorr  +         Harm     .     (no gloves)
MR     .....                    (no boots)
Stlth  ++........               (no amulet)
                                (no ring)
                                l - ring of resist corrosion

@: paralysed, exhausted, slowed
A: carnivore 3
a: Berserk, Trog's Hand, Burn Spellbooks, Renounce Religion


You were on level 3 of the Dungeon.
You worshipped Trog.
Trog was most pleased with you.
You were full.

You visited 1 branch of the dungeon, and saw 3 of its levels.

You collected 63 gold pieces.

Inventory:

Hand Weapons
 f - a +2 dagger of speed (weapon)
Armour
 b - a +0 animal skin
 h - a cursed +0 buckler (worn)
 m - a cursed -2 robe (worn)
Jewellery
 l - a ring of resist corrosion (left hand)
Wands
 i - a wand of slowing (24/48)
Scrolls
 e - a scroll of recharging
Potions
 a - a potion of brilliance
 d - a potion of cancellation {unknown}
 k - a potion of mutation {unknown}
 n - a potion of agility {unknown}
 o - 2 potions of invisibility {unknown}
Comestibles
 c - 5 meat rations
 j - 2 slices of pizza


   Skills:
 + Level 4.5 Fighting
 + Level 6.4 Short Blades
 - Level 1.5 Armour
 + Level 3.8 Dodging
 * Level 3.1 Stealth
 * Level 0.2 Shields


You had 5 spell levels left.
You didn't know any spells.

Dungeon Overview and Level Annotations

Branches:
Dungeon (3/15)

Altars:
Ashenzari
Gozag
Uskayaw
The Shining One

Annotations:
D:3 Grinder


Innate Abilities, Weirdness & Mutations

You are small and have problems with some larger weapons.
You are carnivorous and can eat meat at any time.


Message History

The gnoll shouts!
Okay, then.
The gnoll hits you from afar with a spear.
* * * LOW HITPOINT WARNING * * *
You feel better.
The gnoll hits you from afar with a spear.
The gnoll hits you but does no damage.
Grinder shouts!
Grinder gestures at you.
You suddenly lose the ability to move!
The gnoll hits you from afar with a spear.
Grinder blinks!
The gnoll hits you from afar with a spear!
* * * LOW HITPOINT WARNING * * *
The gnoll barely misses you.
The gnoll shouts!
The gnoll hits you from afar with a spear.
* * * LOW HITPOINT WARNING * * *
The gnoll hits you from afar with a spear.
You die...

#.≈≈≈....##.### . #.≈≈≈....##.#
.. #+###≈≈P...##.###
''g#############.g.#≈≈....##....
.....5...§.....#ggg#≈≈....##....
...≈≈≈≈≈≈≈≈≈≈≈≈#####≈≈....##..##
...≈≈≈≈≈≈≈≈≈≈≈≈≈≈≈≈≈≈≈....##..#.
...≈≈≈≈≈†≈≈≈≈g≈≈≈≈≈≈≈≈....##..#.
.......))...gg.@....P.....##..#.
.############################.#.
#.#. #.#. #.#. ########## #.#.
.........# #.## .........# #...
.†.......# #.##


You could see a gnoll shaman (wandering) and 5 gnolls.

Vanquished Creatures
  Jessica (D:2)
  Ijyb (D:2)
  Robin (D:2)
  5 gnolls
  4 adders
  2 oozes
  2 worms (D:3)
  4 leopard geckos
  An orc (D:3)
  6 giant cockroaches
  13 goblins
  9 hobgoblins
  19 jackals
  3 quokkas
  4 bats
  A frilled lizard (D:3)
  8 kobolds
  3 rats
87 creatures vanquished.

Notes
Turn   | Place    | Note
-------+----------+-------------------------------------------
     0 | D:1      | Monkfish the Kobold Berserker began the quest for the Orb.
     0 | D:1      | Reached XP level 1. HP: 14/14 MP: 1/1
   106 | D:1      | Reached XP level 2. HP: 17/19 MP: 2/2
   221 | D:1      | Found a shattered altar of Ashenzari.
   302 | D:1      | Reached skill level 1 in Stealth
   302 | D:1      | Reached XP level 3. HP: 16/24 MP: 3/3
   884 | D:2      | Found a hide-covered altar of Uskayaw.
   963 | D:2      | Noticed Robin
   970 | D:2      | Found an opulent altar of Gozag.
   978 | D:2      | Reached ** piety under Trog
   981 | D:2      | Reached XP level 4. HP: 26/29 MP: 4/4
   991 | D:2      | Killed Robin
   991 | D:2      | Reached skill level 5 in Short Blades
  1357 | D:2      | Noticed Ijyb
  1358 | D:2      | Noticed Jessica
  1367 | D:2      | Killed Ijyb
  1367 | D:2      | Reached XP level 5. HP: 34/34 MP: 5/5
  1370 | D:2      | Killed Jessica
  1994 | D:3      | Reached skill level 6 in Short Blades
  2246 | D:3      | Found a glowing golden altar of the Shining One.
  2372 | D:3      | Reached XP level 6. HP: 39/39 MP: 6/6
  3092 | D:3      | Reached *** piety under Trog
  3097 | D:3      | Noticed Grinder
  3105 | D:3      | Paralysed by Grinder for 5 turns
  3108 | D:3      | Slain by a gnoll

Skill      XL: |  1  2  3  4  5  6 |
---------------+-------------------+-----
Stealth        | 1 2 3 |  3.1
Fighting       | 4 |  4.5
Short Blades   | 5 6 |  6.4
Dodging        | 3 |  3.8
Armour         | |  1.5
Shields        | |  0.2

Action                   |  1- 3 |  4- 6 || total
-------------------------+-------+-------++-------
Melee: Short sword       |    86 |    64 ||   150
       Dagger            |       |   169 ||   169
Invok: Berserk           |     2 |     7 ||     9
       Trog's Hand       |       |     3 ||     3
  Use: Scroll            |     4 |     3 ||     7
       Potion            |     4 |     4 ||     8
 Stab: Sleeping          |     2 |     5 ||     7
  Eat: Chunk             |     7 |    15 ||    22
Armor: Animal skin       |     6 |     6 ||    12
Dodge: Dodged            |    52 |   145 ||   197
Block: Buckler           |       |    33 ||    33
